 Dungeon Crawl Stone Soup version 0.30.1-11-g7821555f0a (webtiles) character file.

Game seed: 3392939157532831956

6692 lonewolfV2 the Nimble (level 10, -3/91 HPs)
             Began as a Minotaur Fighter on Oct 31, 2023.
             Killed from afar by an acid dragon (24 damage)
             ... with a splash of acid
             ... on level 9 of the Dungeon.
             The game lasted 00:14:55 (7771 turns).

lonewolfV2 the Nimble (Minotaur Fighter)            Turns: 7771, Time: 00:14:56

Health: -3/91      AC:  2    Str: 21    XL:     10   Next: 74%
Magic:  9/9        EV: 12    Int:  5    God:
Gold:   206        SH:  6    Dex: 20    Spells: 9/9 levels left

rFire   . . .        E - +4 war axe (vamp)
rCold   . . .        c - +0 buckler
rNeg    . . .        x - +0 plate armour
rPois   .            q - +0 mask of the Dragon {Will+ Slay+3 SInv}
rElec   .            s - +0 cloak
rCorr   .            l - +1 pair of gloves
SInv    +            (no boots)
Will    +....        A - amulet of the acrobat Stlth
                     y - +6 ring of dexterity
HPRegen 0.35/turn    m - +4 ring of slaying
MPRegen 0.11/turn

%: acrobat
@: corroded
A: horns 2, retaliatory headbutt
a: no special abilities


You were on level 9 of the Dungeon.
You visited 2 branches of the dungeon, and saw 10 of its levels.

You collected 602 gold pieces.
You spent 396 gold pieces at shops.

Inventory:

Hand Weapons
 a - a +1 war axe of protection
 E - a +4 vampiric war axe (weapon)
Missiles
 F - a throwing net (quivered)
Armour
 c - a +0 buckler (worn)
 l - a +1 pair of gloves (worn)
 q - the +0 mask of the Dragon (worn) {Will+ Slay+3 SInv}
   (You acquired it on level 4 of the Dungeon)

   Slay:      It affects your accuracy & damage with ranged weapons and melee
   (+3).
   SInv:      It lets you see invisible.
   Will:      It increases your willpower.
 s - a +0 cloak (worn)
 x - a +0 plate armour (worn)
Jewellery
 k - a ring of positive energy
 m - a +4 ring of slaying (right hand)
 y - a +6 ring of dexterity (left hand)
 z - a +6 ring of intelligence
 A - an amulet of the acrobat (around neck)
Wands
 w - a wand of polymorph (5)
 B - a wand of roots (10)
 G - a wand of mindburst (8)
Scrolls
 b - a scroll of silence {unknown}
 j - a scroll of enchant armour
 n - 3 scrolls of teleportation
 t - a scroll of enchant weapon
 u - 2 scrolls of magic mapping
 D - 3 scrolls of identify
Potions
 d - a potion of attraction
 e - a potion of flight {unknown}
 f - a potion of resistance
 g - 4 potions of heal wounds
 h - 6 potions of brilliance
 i - 4 potions of curing
 o - a potion of degeneration {unknown}
 p - a potion of magic {unknown}
 r - 2 potions of cancellation
 v - 2 potions of ambrosia
 C - a potion of haste {unknown}


   Skills:
 - Level 9.1 Fighting
 - Level 6.1 Axes
 + Level 9.9 Armour
 * Level 11.7 Dodging
 - Level 7.0 Shields


You had 9 spell levels left.
You didn't know any spells.
Your spell library contained the following spells:

 Spells                   Type           Power      Damage    Failure   Level
 Sandblast                Erth           0%         2d4       100%        1
 Sting                    Tmut/Pois      0%         1d3       100%        1
 Blink                    Tloc           0%         N/A       100%        2
 Ensorcelled Hibernation  Hex/Ice        0%         N/A       100%        2
 Passwall                 Tmut/Erth      0%         N/A       100%        2
 Poisonous Vapours        Pois/Air       0%         N/A       100%        2
 Dazzling Flash           Conj/Hex       0%         N/A       100%        3
 Stone Arrow              Conj/Erth      0%         3d7       100%        3
 Swiftness                Air            0%         N/A       100%        3
 Tukima's Dance           Hex            0%         N/A       100%        3
 Animate Armour           Summ/Erth      0%         N/A       100%        4
 Manifold Assault         Tloc           0%         N/A       100%        4
 Olgreb's Toxic Radiance  Pois           0%         N/A       100%        4
 Passage of Golubria      Tloc           0%         N/A       100%        4
 Agony                    Necr           0%         N/A       100%        5
 Silence                  Hex/Air        0%         N/A       100%        5
 Yara's Violent Unravell  Hex/Tmut       0%         3d3       100%        5
 Storm Form               Tmut/Air       0%         N/A       100%        7
 Lehudib's Crystal Spear  Conj/Erth      0%         10d2      100%        8


Dungeon Overview and Level Annotations

Branches:
Dungeon (9/15)             Temple (1/1) D:4            Lair (0/5) D:9
    Orc (0/2) D:9

Altars:
Ashenzari
Cheibriados
Dithmenos
Elyvilon
Fedhas
Hepliaklqana
Kikubaaqudgha
Nemelex Xobeh
Qazlal
Ru
Sif Muna
Uskayaw
Wu Jian
Xom
Yredelemnul

Shops:
D:6 ?=


Innate Abilities, Weirdness & Mutations

You have a pair of horns on your head.
You reflexively headbutt those who attack you in melee.


Message History

You block the acid dragon's attack.
The acid dragon claws you but does no damage.
You slash the acid dragon!
The acid dragon is moderately wounded.
You hit the centaur but do no damage. The centaur closely misses you.
The centaur kicks you but does no damage.
The acid dragon bites you but does no damage.
The acid dragon completely misses you.
An orc wizard comes into view.
It is wielding a +0 dagger of holy wrath.
The centaur closely misses you. You block the centaur's attack.
You slash the acid dragon!
You feel better.
You headbutt the acid dragon.
The acid dragon is severely wounded.
You barely miss the centaur. You block the centaur's attack.
The centaur kicks you. The acid dragon spits acid at you.
The splash of acid hits you! The acid corrodes you!
The centaur closely misses you. You block the centaur's attack.
You hear a shout! x2
You closely miss the acid dragon.
The acid dragon is severely wounded.
You hit the centaur. The centaur barely misses you. You furiously retaliate!
You headbutt the centaur. The centaur closely misses you.
The acid dragon spits acid at you. The splash of acid hits you!
The acid corrodes you!
The centaur hits you but does no damage.
The centaur misses you. The acid dragon bites you!
* * * LOW HITPOINT WARNING * * *
The acid dragon claws you.
* * * LOW HITPOINT WARNING * * *
The orc wizard casts a spell.
The orc wizard flickers and vanishes for a moment.
You hit the acid dragon but do no damage.
The acid dragon is severely wounded.
You hit the centaur.
You feel better.
You barely miss the orc priest. The centaur hits you.
* * * LOW HITPOINT WARNING * * *
The centaur barely misses you. The acid dragon spits acid at you.
The splash of acid hits you!!
You die...

.. .. ########### ..
..........# #.
..........####
............. #.#
..........o# #.#
...........# #.#
=......o...#####.#.#
......D@.?.......#.#
.(....c...######.#.#
..........######.#.#####
........................
..........########.####.
.......##.............#.
###.....#.)##########.#.
......>..# #.#.
....$....# #.#.


You could see an acid dragon (catching breath), a centaur, an orc priest and an
orc wizard (invisible).

Vanquished Creatures
  A two-headed ogre (D:9)
  A hornet (D:9)
  Prince Ribbit (D:7)
  5 yaks (D:9)
  2 wyverns (D:9)
  A basilisk (D:9)
  2 steam dragons
  6 water moccasins
  Menkaure (D:7)
  2 orc warriors (D:8)
  3 sky beasts (D:7)
  A black bear (D:6)
  4 ice beasts
  4 ogres
  A centaur (D:9)
  4 phantoms
  2 bullfrogs (D:6)
  A gnoll sergeant (D:5)
  2 scorpions
  8 wights
  5 killer bees (D:7)
  4 howler monkeys
  6 hounds
  5 orc priests
  Crazy Yiuf (D:3)
  2 jellies
  5 iguanas
  8 orc wizards
  7 adders
  10 gnolls
  A shadow imp (D:8)
  2 white imps
  A worm (D:2)
  2 dart slugs (D:3)
  31 orcs
  8 ball pythons
  4 bats
  5 endoplasms
  3 giant cockroaches
  6 goblins
  9 hobgoblins
  5 jackals
  2 quokkas
  4 frilled lizards
  5 kobolds
  2 rats (D:3)
195 creatures vanquished.

Notes
Turn   | Place    | Note
-------+----------+-------------------------------------------
     0 | D:1      | lonewolfV2 the Minotaur Fighter began the quest for the
                  | Orb.
     0 | D:1      | Reached XP level 1. HP: 19/19 MP: 0/0
    37 | D:1      | Reached XP level 2. HP: 14/27 MP: 1/1
   424 | D:1      | Found a faded altar of an unknown god.
   528 | D:2      | Reached XP level 3. HP: 32/34 MP: 2/2
  1128 | D:2      | Reached XP level 4. HP: 36/41 MP: 3/3
  1305 | D:3      | Reached skill level 5 in Fighting
  2030 | D:3      | Found a runed translucent door.
  2031 | D:3      | Noticed Crazy Yiuf
  2038 | D:3      | Killed Crazy Yiuf
  2039 | D:3      | Reached XP level 5. HP: 38/49 MP: 4/4
  2117 | D:4      | Noticed an ogre
  2128 | D:4      | Reached skill level 5 in Axes
  2128 | D:4      | Killed an ogre
  2129 | D:4      | Reached XP level 6. HP: 26/57 MP: 5/5
  2138 | D:4      | Found a hide-covered altar of Uskayaw.
  2575 | D:4      | Reached XP level 7. HP: 66/66 MP: 6/6
  2762 | D:4      | Found a staircase to the Ecumenical Temple.
  2811 | Temple   | Entered the Ecumenical Temple
  3020 | D:4      | Identified a scroll of acquirement
  3020 | D:4      | Acquired the +0 mask of the Dragon {Will+ Slay+3 SInv}
  3020 | D:4      | Found the +0 mask of the Dragon {Will+ Slay+3 SInv}
  3065 | D:5      | Entered Level 5 of the Dungeon
  3135 | D:5      | Reached skill level 5 in Shields
  3178 | D:5      | Found an ornate altar of the Wu Jian Council.
  3178 | D:5      | Found a basalt altar of Yredelemnul.
  3667 | D:5      | Reached XP level 8. HP: 75/75 MP: 7/7
  4022 | D:6      | Reached skill level 1 in Dodging
  4053 | D:6      | Reached skill level 2 in Dodging
  4121 | D:6      | Reached skill level 3 in Dodging
  4353 | D:6      | Reached skill level 4 in Dodging
  4610 | D:6      | Found Palyek's Magic Scroll Shoppe.
  4610 | D:6      | Found Atafuhiu's Jewellery Shoppe.
  4834 | D:6      | Bought a +6 ring of dexterity for 396 gold pieces
  4850 | D:6      | Reached skill level 5 in Armour
  5038 | D:7      | Noticed Menkaure
  5046 | D:7      | Killed Menkaure
  5047 | D:7      | Reached skill level 5 in Dodging
  5051 | D:7      | Reached XP level 9. HP: 19/83 MP: 8/8
  5475 | D:7      | Reached skill level 6 in Dodging
  5594 | D:7      | Noticed a troll
  5598 | D:7      | a troll changed into a meliai
  5598 | D:7      | Noticed a meliai
  5599 | D:7      | a meliai changed into a sky beast
  5651 | D:7      | Noticed Prince Ribbit
  5665 | D:7      | Killed Prince Ribbit
  5666 | D:7      | Reached skill level 7 in Dodging
  5749 | D:7      | Reached skill level 8 in Dodging
  6059 | D:8      | Found a sparkling altar of Nemelex Xobeh.
  6486 | D:8      | Reached skill level 9 in Dodging
  6685 | D:8      | Reached XP level 10. HP: 90/91 MP: 9/9
  7186 | D:9      | Found a staircase to the Orcish Mines.
  7447 | D:9      | Reached skill level 10 in Dodging
  7449 | D:9      | Found a staircase to the Lair.
  7473 | D:9      | Noticed a two-headed ogre
  7480 | D:9      | Killed a two-headed ogre
  7481 | D:9      | Reached skill level 11 in Dodging
  7544 | D:9      | Found a stormy altar of Qazlal.
  7771 | D:9      | Killed from afar by an acid dragon

Illustrated notes

Levels and vault maps discovered:
D:1:      dpeg_arrival_simpleton_c, layout_rooms,
          dreamdust_ecumenical_altar_angels_and_demons
D:2:      layout_rooms, serial_forest, infiniplex_forest_end_2,
          infiniplex_forest_zigzag_1, infiniplex_forest_clump_cross,
          infiniplex_forest_end_2, infiniplex_forest_straight_3,
          infiniplex_forest_clump_curved, infiniplex_forest_clump_double,
          infiniplex_forest_clump_small
D:3:      layout_loops_ring, uniq_crazy_yiuf_cottage
D:4:      layout_cave_pools, nicolae_uskayaw_murder_on_the_dancefloor,
          minmay_temple_entry_nine_rooms, minmay_distorted
D:5:      layout_loops_ring, gammafunk_temple_overflow_pools
D:6:      nicolae_cairo_tiling_large_dashed, layout_loops_cross, serial_rivers,
          chequers_serial_rivers_large_b, chequers_serial_rivers_room_b,
          chequers_serial_rivers_micro_c, chequers_serial_rivers_micro_e,
          chequers_serial_rivers_room_a, serial_shops, shop, shop,
          hangedman_decor_growths
D:7:      layout_cave_pools, uniq_menkaure, uniq_prince_ribbit1
D:8:      layout_cave_pods, amcnicky_altar_gilded
D:9:      layout_basic, nicolae_qazlal_general_emergency,
          minmay_lair_entry_grove, orc_0_dummy
Temple:   bh_familiar_temple

Skill      XL: |  1  2  3  4  5  6  7  8  9 10 |
---------------+-------------------------------+-----
Fighting       | 4 5 6 7 8 9 |  9.1
Axes           | 3 4 5 6 |  6.1
Shields        | 4 6 7 |  7.0
Armour         | 5 8 9 |  9.9
Dodging        | 5 9 11 | 11.7

Action                     |  1- 3 |  4- 6 |  7- 9 | 10-12 || total
---------------------------+-------+-------+-------+-------++-------
  Melee: War axe           |    97 |    83 |   157 |    54 ||   391
         Headbutt          |    15 |    14 |    36 |    13 ||    78
  Evoke: Wand              |       |       |     3 |       ||     3
    Use: Scroll            |     3 |     8 |     8 |     1 ||    20
         Potion            |       |     1 |     1 |       ||     2
 Armour: Scale mail        |    55 |    38 |    14 |       ||   107
         Chain mail        |       |       |    53 |       ||    53
         Plate armour      |       |       |    26 |    40 ||    66
  Dodge: Dodged            |    39 |    41 |   108 |    43 ||   231
  Block: Buckler           |    29 |    26 |    48 |    25 ||   128
